 Dungeon Crawl Stone Soup version 0.20-a0-710-g71b569a (webtiles) character file.

198 polly the Slasher (level 5, 19/39 HPs)
             Began as a Demonspawn Gladiator on Feb 22, 2017.
             Quit the game on level 2 of the Dungeon.
             The game lasted 00:01:36 (1086 turns).

polly the Slasher (Demonspawn Gladiator)            Turns: 1086, Time: 00:01:37

Health: 19/39      AC:  3    Str: 20    XL:     5   Next: 47%
Magic:  5/5        EV: 13    Int: 10    God:
Gold:   107        SH:  0    Dex: 14    Spells: 4/4 levels left

rFire    . . .     SeeInvis .   a - +0 long sword
rCold    . . .     Gourm    .   b - +0 leather armour
rNeg     . . .     Faith    .   (no shield)
rPois    .         Spirit   .   (helmet restricted)
rElec    .         Reflect  .   (no cloak)
rCorr    .         Harm     .   (no gloves)
MR       .....                  (no boots)
Stlth    +.........             (no amulet)
Regen    0.2/turn               (no ring)
MPRegen  0.1/turn               (no ring)

@: mighty
A: antennae 2, spiny 1
a: no special abilities


You were on level 2 of the Dungeon.
You were hungry.

You visited 1 branch of the dungeon, and saw 2 of its levels.

You collected 107 gold pieces.

Inventory:

Hand Weapons
 a - a +0 long sword (weapon)
Missiles
 d - 3 throwing nets (quivered)
Armour
 b - a +0 leather armour (worn)
 c - a +0 helmet
Jewellery
 m - an uncursed ring of wizardry {unknown}
Scrolls
 g - a scroll of teleportation {unknown}
 h - 3 scrolls of identify {unknown}
 i - 2 scrolls of remove curse {unknown}
 k - a scroll of enchant armour {unknown}
Potions
 e - 2 potions of might
 j - 2 potions of curing {unknown}
 n - a potion of heal wounds {unknown}
Comestibles
 f - a bread ration
 l - 2 meat rations


   Skills:
 + Level 2.6 Fighting
 + Level 4.5 Long Blades
 + Level 2.0 Throwing
 + Level 1.1 Armour
 + Level 3.3 Dodging
 + Level 1.0 Stealth


You had 4 spell levels left.
You didn't know any spells.

Dungeon Overview and Level Annotations

Branches:
Dungeon (2/15)

Altars:


Innate Abilities, Weirdness & Mutations

You have a pair of antennae on your head.
You are partially covered in sharp spines.


Message History

You hit something.
You hear some strange, mumbled words.
A magic dart appears from out of thin air!
The magic dart hits you!
You closely miss something. Something hits you but does no damage.
You hit something.
Reactivating autopickup.
Your Long Blades skill increases to level 4!
Your Armour skill increases to level 1!
Your Stealth skill increases to level 1!
You have reached level 4!
You feel clever.
Your demonic ancestry asserts itself...
A pair of antennae grows on your head!
Your +0 helmet falls away!
You have reached level 5!
Your demonic ancestry asserts itself...
The antennae on your head grow some more.
You feel a bit more experienced.
Unknown command.
Are you sure you want to abandon this character and quit the game? (Confirm with "yes".)

.#....# #...#
.##.#.# #....
....#.# ##..#
.####.#
######## #>
.##...#
........##
....<.#
..........
.##.#.#
........###
.##.###
.......)..#
.##.#####
#.♣@..♣##
........#
#.......#
....###.#
#...>...# #####
#.# #...†...# #
#.# ##..♣..## #
#.#######....##
#
#..........###
# #.##########
#.#


There were no monsters in sight!

Vanquished Creatures
  Sigmund (D:2)
  A worm (D:2)
  A dart slug (D:1)
  3 leopard geckos
  2 giant cockroaches
  3 hobgoblins
  2 jackals (D:2)
  2 kobolds
  3 bats
  7 goblins
  6 rats
31 creatures vanquished.

Notes
Turn   | Place    | Note
-------+----------+-------------------------------------------
     0 | D:1      | polly the Demonspawn Gladiator began the quest for the Orb.
     0 | D:1      | Reached XP level 1. HP: 16/16 MP: 1/1
   179 | D:1      | Gained mutation: You are partially covered in sharp spines. [demonic ancestry]
   179 | D:1      | Reached XP level 2. HP: 22/22 MP: 2/2
   265 | D:1      | Reached skill level 3 in Long Blades
   864 | D:2      | Reached XP level 3. HP: 19/27 MP: 3/3
  1075 | D:2      | Noticed Sigmund
  1085 | D:2      | Killed Sigmund
  1085 | D:2      | Reached skill level 4 in Long Blades
  1085 | D:2      | Reached skill level 1 in Armour
  1085 | D:2      | Reached skill level 1 in Stealth
  1085 | D:2      | Gained mutation: You have a pair of small antennae on your head. [demonic ancestry]
  1085 | D:2      | Reached XP level 4. HP: 17/34 MP: 4/4
  1085 | D:2      | Gained mutation: You have a pair of antennae on your head. [demonic ancestry]
  1085 | D:2      | Reached XP level 5. HP: 19/39 MP: 5/5
  1086 | D:2      | Quit the game

Vault maps used:
D:1:      minmay_arrival_shoal_huts
D:2:      grunt_ministairs_1, uniq_sigmund

Skill      XL: |  1  2  3 |
---------------+----------+-----
Throwing       | 2 |  2.0
Long Blades    | 3 4 |  4.5
Dodging        | 3 |  3.3
Armour         | 1 |  1.1
Stealth        | 1 |  1.0
Fighting       | |  2.6

Action                   |  1- 3 |  4- 6 || total
-------------------------+-------+-------++-------
Melee: Long sword        |    62 |       ||    62
  Use: Potion            |     1 |       ||     1
 Stab: Sleeping          |     2 |       ||     2
Armor: Leather armour    |    15 |       ||    15
Dodge: Dodged            |    34 |       ||    34
       Rpst.: Long sword |    11 |       ||    11
